 Dungeon Crawl Stone Soup version 0.24.1-11-gbbbb2193e6 (webtiles) character file.

Game seed: 4611457799229178287, levelgen mode: deterministic

369352 Gruesph the Eclecticist (level 21, -7/135 HPs)
             Began as a Deep Elf Fire Elementalist on May 9, 2020.
             Was the Champion of Vehumet.
             Mangled by a spriggan rider
             ... wielding a +0 spear
             ... led by the Enchantress
              (11 damage)
             ... on level 2 of the Depths on May 11, 2020.
             The game lasted 06:28:37 (70521 turns).

Gruesph the Eclecticist (DEFE)                     Turns: 70521, Time: 06:28:38

Health: -7/135     AC: 19    Str: 13    XL:     21   Next: 66%
Magic:  3/47       EV: 19    Int: 36    God:    Vehumet [******]
Gold:   2865       SH:  6    Dex: 15    Spells: 3/60 levels left

rFire    + . .     SeeInvis +   a - +9 rapier "Oqarromo" {pain, MR++ Int+2 SInv Stlth-}
rCold    + . .     Gourm    .   q - +1 buckler {rPois}
rNeg     + + .     Faith    .   F - +3 scale mail of the Apprentice {rElec rN+ Str+3 Stlth-}
rPois    +         Spirit   .   l - +2 helmet {Int+3}
rElec    +         Reflect  .   p - scarf {cloud immunity}
rCorr    .         Harm     .   m - +1 pair of gloves {Str+3}
MR       +++++     Clarity  +   J - +2 pair of boots {Fly}
Stlth    ..........             Z - amulet of the Four Winds {rN+ MR+++ Clar}
HPRegen  0.32/turn              B - ring of protection from fire
MPRegen  0.30/turn              S - ring of protection from cold

@: flying, very slightly contaminated, deflect missiles
A: molten scales 1, sense surroundings 1, strong 1
}: 2/15 runes: decaying, gossamer
a: Renounce Religion, Stop Flying


You were on level 2 of the Depths.
You worshipped Vehumet.
Vehumet was exalted by your worship.
You were not hungry.

You visited 9 branches of the dungeon, and saw 41 of its levels.
You also visited: Gauntlet.

You collected 5010 gold pieces.
You spent 2145 gold pieces at shops.

Inventory:

Hand Weapons
 a - the +9 rapier "Oqarromo" (weapon) {pain, MR++ Int+2 SInv Stlth-}
   (You found it on level 3 of the Elven Halls)

   In the hands of one skilled in necromantic magic, it inflicts extra damage on
   living creatures.
   It affects your intelligence (+2).
   It affects your resistance to hostile enchantments.
   It lets you see invisible.
   It makes you less stealthy.
Missiles
 d - a throwing net (quivered)
Armour
 l - a +2 helmet of intelligence (worn)
 m - a +1 pair of gloves of strength (worn)
 p - a scarf of cloud immunity (worn)
 q - a +1 buckler of poison resistance (worn)
 F - the +3 scale mail of the Apprentice (worn) {rElec rN+ Str+3 Stlth-}
   (You found it on level 1 of the Vaults)

   It affects your strength (+3).
   It insulates you from electricity.
   It protects you from negative energy.
   It makes you less stealthy.
 J - a +2 pair of boots of flying (worn)
Jewellery
 B - a ring of protection from fire (left hand)
 S - a ring of protection from cold (right hand)
 Z - the amulet of the Four Winds (around neck) {rN+ MR+++ Clar}
   (You took it off a minotaur in a Gauntlet)

   [amulet of nothing]

   It protects you from negative energy.
   It affects your resistance to hostile enchantments.
   It protects you against confusion.
Wands
 j - a wand of scattershot (5)
 n - a wand of paralysis (50)
 s - a wand of digging (6)
 G - a wand of enslavement (11)
 H - a wand of clouds (1)
 M - a wand of acid (17)
 V - a wand of iceblast (9)
Scrolls
 e - 3 scrolls of enchant armour
 i - 6 scrolls of identify
 o - 5 scrolls of enchant weapon
 r - 16 scrolls of remove curse
 y - 13 scrolls of teleportation
 z - 5 scrolls of immolation
 C - 6 scrolls of fog
 D - a scroll of amnesia
 E - 4 scrolls of magic mapping
 R - a scroll of summoning
 T - 6 scrolls of fear
 U - a scroll of holy word
 W - a scroll of vulnerability
Potions
 c - 15 potions of curing
 g - 6 potions of lignification
 h - 3 potions of heal wounds
 k - 9 potions of might
 t - 7 potions of brilliance
 u - a potion of invisibility
 v - 5 potions of haste
 x - 5 potions of cancellation
 L - a potion of resistance
 N - 3 potions of mutation
 O - 3 potions of agility
 P - 5 potions of flight
 Q - 2 potions of magic
 X - 10 potions of ambrosia
Miscellaneous
 Y - a phial of floods (inert)
Comestibles
 b - 4 chunks of flesh
 f - 16 rations


   Skills:
 + Level 15.4 Fighting
 + Level 18.6 Dodging
 - Level 5.0 Stealth
 - Level 4.0 Shields
 - Level 20.0 Spellcasting
 + Level 17.2 Conjurations
 - Level 13.0 Charms
 - Level 5.0 Summonings
 - Level 5.0 Necromancy
 - Level 3.3 Translocations
 + Level 17.2 Fire Magic
 - Level 8.0 Air Magic
 - Level 5.0 Evocations


You had 3 spell levels left.
You knew the following spells:

 Your Spells              Type           Power        Failure   Level  Hunger
a - Throw Flame           Conj/Fire      ######       0%          2    None
b - Conjure Flame         Conj/Fire      ########     0%          3    None
c - Sticky Flame          Conj/Fire      ########     1%          4    None
d - Fireball              Conj/Fire      ########..   1%          5    None
e - Apportation           Tloc           ######       1%          1    None
f - Iskenderun's Battles  Conj/Chrm      #######.     1%          5    None
g - Magic Dart            Conj           ####         0%          1    None
h - Bolt of Fire          Conj/Fire      ########..   1%          6    None
i - Swiftness             Chrm/Air       #######.     1%          2    None
j - Deflect Missiles      Chrm/Air       #######...   9%          6    None
m - Mephitic Cloud        Conj/Pois/Air  #######.     1%          3    None
o - Orb of Destruction    Conj           ########..   1%          7    None
p - Ignite Poison         Fire/Tmut/Pois ######..     1%          3    None
r - Regeneration          Chrm/Necr      #######...   1%          3    None
s - Summon Lightning Spi  Summ/Air       ######..     2%          4    None
z - Blink                 Tloc           N/A          1%          2    None

Your spell library contained the following spells:

 Spells                   Type           Power        Failure   Level  Hunger
 Chain Lightning          Conj/Air       #######...   36%         8    ####...
 Lehudib's Crystal Spear  Conj/Erth      #######...   86%         8    ####...
 Shatter                  Erth           #####.....   100%        9    #####..
 Flame Tongue             Conj/Fire      #####        0%          1    None
 Animate Skeleton         Necr           N/A          1%          1    None
 Freeze                   Ice            ####         1%          1    None
 Infusion                 Chrm           ####         1%          1    None
 Pain                     Necr           ####         1%          1    None
 Sting                    Conj/Pois      ####         1%          1    None
 Summon Small Mammal      Summ           ####         1%          1    None
 Call Imp                 Summ           ######..     1%          2    None
 Poisonous Vapours        Pois/Air       ######       1%          2    None
 Shroud of Golubria       Chrm/Tloc      ######       1%          2    None
 Song of Slaying          Chrm           #######.     1%          2    None
 Sublimation of Blood     Necr           ######....   1%          2    None
 Throw Frost              Conj/Ice       ######       1%          2    None
 Call Canine Familiar     Summ           ######..     1%          3    None
 Dazzling Spray           Conj/Hex       ######       1%          3    None
 Inner Flame              Hex/Fire       #######.     1%          3    None
 Ozocubu's Armour         Chrm/Ice       ######..     1%          3    None
 Spectral Weapon          Hex/Chrm       ######..     1%          3    None
 Vampiric Draining        Necr           ######....   1%          3    None
 Gell's Gravitas          Tloc           ######....   3%          3    None
 Lesser Beckoning         Tloc           ######....   3%          3    None
 Teleport Other           Tloc           ######..     3%          3    None
 Confusing Touch          Hex            #####.       4%          1    None
 Corona                   Hex            #####..      4%          1    None
 Summon Guardian Golem    Hex/Summ       ######..     4%          3    None
 Ensorcelled Hibernation  Hex/Ice        #####.       6%          2    None
 Passwall                 Tmut/Erth      #####...     6%          2    None
 Slow                     Hex            #####...     6%          2    None
 Portal Projectile        Hex/Tloc       #####.       6%          3    None
 Confuse                  Hex            #####...     12%         3    None
 Tukima's Dance           Hex            #####...     12%         3    None
 Throw Icicle             Conj/Ice       #######.     1%          4    None
 Bolt of Draining         Conj/Necr      #######...   1%          5    None
 Bolt of Magma            Conj/Fire/Erth #######...   1%          5    None
 Irradiate                Conj/Tmut      #######...   1%          5    None
 Venom Bolt               Conj/Pois      #######...   1%          5    None
 Conjure Ball Lightning   Conj/Air       #######...   1%          6    None
 Animate Dead             Necr           N/A          5%          4    None
 Freezing Cloud           Conj/Ice/Air   #######...   5%          6    None
 Ring of Flames           Chrm/Fire      #######...   7%          7    None
 Olgreb's Toxic Radiance  Pois           #####...     11%         4    None
 Passage of Golubria      Tloc           N/A          11%         4    None
 Spellforged Servitor     Conj/Summ      #######...   11%         7    None
 Summon Ice Beast         Ice/Summ       ######..     14%         4    None
 Silence                  Hex/Air        ######....   22%         5    None
 Lee's Rapid Deconstruct  Erth           #####.....   28%         5    None
 Cause Fear               Hex            #####.....   38%         4    None
 Leda's Liquefaction      Hex/Erth       #####.....   38%         4    None
 Petrify                  Tmut/Erth      #####...     38%         4    None
 Alistair's Intoxication  Tmut/Pois      #####...     75%         5    None
 Darkness                 Hex            #####.....   99%         6    None
 Hydra Form               Tmut           #####.....   99%         6    None
 Invisibility             Hex            #####...     99%         6    None
 Statue Form              Tmut/Erth      #####....    99%         6    None
 Dragon Form              Tmut           #####.....   100%        7    None
 Dragon's Call            Summ           ######....   100%        9    #####..
 Tornado                  Air            #######...   100%        9    #####..


Dungeon Overview and Level Annotations

Branches:
Dungeon (15/15)            Temple (1/1) D:6            Lair (6/6) D:9
  Swamp (4/4) Lair:4       Spider (4/4) Lair:2        Slime (0/5) Lair:6
    Orc (2/2) D:12            Elf (3/3) Orc:2        Vaults (4/5) D:13
  Crypt (0/3) Vaults:2     Depths (2/5) D:15        Gauntlet (visited)

Altars:
Ashenzari
Cheibriados
Dithmenos
Elyvilon
Fedhas
Gozag
Hepliaklqana
Kikubaaqudgha
Makhleb
Nemelex Xobeh
Okawaru
Qazlal
Ru
Sif Muna
Trog
Uskayaw
Vehumet
Wu Jian
Xom
Yredelemnul
Zin
The Shining One
Beogh
Jiyva

Shops:
D:6 (   D:13 :*   Orc:1 [   Orc:2 *::=   Elf:3 }==   Vaults:1 (   Depths:1 :*

Portals:
Hell: Depths:1

Annotations:
D:12 1 runed translucent door
D:14 2 runed translucent doors
Lair:1 exclusion: 3 oklob plants
Spider:2 1 runed translucent door, Citam's ghost, adept OgEE
Spider:3 1 runed translucent door, Tacit's ghost, journeyman GrMo
Spider:4 exclusion: ice statue
Elf:1 2 runed translucent doors, Hynwimna's ghost, veteran MiGl
Elf:2 3 runed translucent doors
Depths:2 the Enchantress


Innate Abilities, Weirdness & Mutations

You are partially covered in molten scales. (AC +2)
You passively map a small area around you.
Your muscles are strong. (Str +2)


Message History

Casting: Blink (safe; 1% risk of failure)
Confirm with . or Enter, or press ? or * to list all spells.
You blink.
You no longer feel sluggish.
The Enchantress is engulfed in poison gas.
The Enchantress looks even sicker.
The Enchantress mumbles some strange words.
You resist with almost no effort.
The spriggan rider completely misses you.
The Enchantress is engulfed in poison gas.
The Enchantress looks even sicker.
As you read the scroll of summoning, it crumbles to dust.
Wisps of shadow whirl around you...
The Enchantress looks as sick as possible!
The Enchantress splashes around in the water.
The Enchantress is engulfed in poison gas.
The Enchantress looks as sick as possible!
The Enchantress splashes around in the water.
The spriggan rider hits you from afar with a +0 spear!
You die...

, *
#.#.#####.#
#...# #.##
##### #..#
##.# #§##
#§§###
#ii§O#####
#OECO#).8#
#@R§O#.<.#
#OO§O#..8#
###(###'##
#8..#..8#
#...'...#
#8.8#8.8#
#########


You could see the Enchantress, a spriggan rider, a friendly fire giant, a
friendly rakshasa, 4 friendly two-headed ogres, a friendly ogre mage, a friendly
water elemental and 2 friendly ogres.

Vanquished Creatures
  Bai Suzhen (Vaults:2)
  Saint Roka (Vaults:3)
  Xtahua (Vaults:4)
  Jory (Vaults:4)
  A tentacled monstrosity (Depths:2)
  Jorgrun (D:14)
  2 liches (Depths:1)
  2 deep elf blademasters (Elf:3)
  3 sphinxes
  2 deep elf master archers (Elf:3)
  Frances (Spider:1)
  2 thorn hunters
  A tengu reaver (Depths:1)
  A storm dragon (Vaults:4)
  7 deep elf sorcerers
  7 ghost moths
  13 vault wardens
  2 ghouls (Vaults:2)
  2 frost giants (Vaults:3)
  3 emperor scorpions
  6 deep elf elementalists
  3 spriggan defenders (Depths:2)
  A war gargoyle (Vaults:3)
  7 stone giants
  8 ironheart preservers
  11 very ugly things
  5 entropy weavers
  5 deep elf demonologists (Elf:3)
  A minotaur (Gauntlet)
  3 deep elf annihilators (Elf:3)
  3 spark wasps
  A crystal guardian (Vaults:4)
  An ettin (shapeshifter) (Vaults:2)
  2 fire dragons
  12 deep elf death magi
  3 ettins
  A merfolk impaler (Depths:1)
  4 deep elf high priests
  The ghost of lllmatko the Fighter, a journeyman MiBe of Trog (D:9)
  5 yaktaur captains
  3 great orbs of eyes
  10 vault guards
  A rakshasa (Vaults:1)
  A great orb of eyes (shapeshifter) (D:15)
  2 spriggan air magi (Depths:2)
  5 ice dragons
  23 hydras
  2 ghost crabs
  3 shambling mangroves
  7 centaur warriors
  11 dancing weapons
  12 alligators
  19 two-headed ogres
  A catoblepas (Lair:6)
  A merfolk avatar (Lair:6)
  7 ogre magi
  3 death yaks (Lair:6)
  A deep troll shaman (Depths:1)
  4 deep troll earth magi
  2 tengu warriors
  9 orc high priests
  2 small abominations (Elf:3)
  A spriggan berserker (Depths:2)
  Sonja (D:13)
  Nergalle (Orc:1)
  A shadow wraith (Vaults:1)
  The ghost of releu the Shooter, a novice CeWr of Yredelemnul (Lair:1)
  10 deep elf knights
  A titan skeleton (Depths:1)
  A storm dragon zombie (Vaults:3)
  3 sea snakes (Lair:6)
  A flayed ghost (Vaults:4)
  2 spriggan druids
  11 deep trolls
  A sixfirhy (Gauntlet)
  6 skeletal warriors (Vaults:1)
  3 unseen horrors
  9 swamp dragons
  2 unseen horrors (shapeshifter)
  2 wizards (Vaults:2)
  3 glowing orange brains
  Pikel (D:4)
  14 ironbrand convokers
  3 necromancers
  A harpy (Lair:6)
  30 wolf spiders
  10 deep elf archers
  A wolf spider zombie (D:14)
  9 orc knights
  49 deep elf magi
  A stone giant zombie (Vaults:3)
  A shining eye (Gauntlet)
  14 orb spiders
  An orb spider (shapeshifter) (Vaults:4)
  26 ugly things
  A frost giant zombie (Vaults:3)
  2 orc sorcerers
  2 manticores
  A black mamba (shapeshifter) (D:14)
  7 elephants
  A moth of wrath (shapeshifter) (Vaults:4)
  2 stone giant skeletons (Depths:1)
  A human zombie (Vaults:3)
  5 cyclopes
  A guardian serpent (shapeshifter) (Vaults:4)
  3 black mambas
  Psyche (D:9)
  2 moths of wrath
  12 vault sentinels
  12 spiny frogs
  Joseph (Lair:1)
  A torpor snail (Spider:3)
  A gargoyle (D:15)
  20 yaktaurs
  2 freezing wraiths
  8 komodo dragons
  An efreet (D:15)
  A kobold demonologist (D:9)
  14 demonic crawlers
  8 rime drakes
  A yaktaur (shapeshifter) (D:14)
  A komodo dragon (shapeshifter) (Elf:2)
  2 tengu conjurers
  A polar bear (shapeshifter) (Vaults:3)
  2 polar bears
  38 jumping spiders
  A queen bee (shapeshifter) (Vaults:1)
  3 trolls
  A meliai (shapeshifter) (D:14)
  9 tyrant leeches
  A wind drake (Lair:6)
  7 bog bodies
  26 hornets
  37 slime creatures
  2 frost giant simulacra
  A stone giant simulacrum (Vaults:3)
  20 blink frogs
  7 hippogriffs
  2 hippogriffs (shapeshifter)
  94 redbacks
  3 water elementals
  2 air elementals
  11 spriggans
  22 tarantellas
  A wraith (Vaults:1)
  3 shadows
  5 wyverns
  A centaur simulacrum (D:15)
  A tarantella (shapeshifter) (Vaults:4)
  2 fire elementals (Elf:3)
  27 yaks
  A human (D:7)
  A yak (shapeshifter) (Vaults:1)
  2 basilisks
  4 hogs (D:7)
  A hungry ghost (D:11)
  18 vampire mosquitoes
  A spriggan simulacrum (Depths:1)
  13 swamp worms
  20 insubstantial wisps
  8 wargs
  A swamp worm (shapeshifter) (D:15)
  2 acid dragons
  6 porcupines
  12 swamp drakes
  9 water moccasins
  2 floating eyes (Gauntlet)
  17 orc warriors
  A phantom (D:12)
  An ice beast (shapeshifter) (Vaults:1)
  2 ice beasts
  5 sky beasts
  A boggart (Vaults:1)
  28 ogres
  A necrophage (D:12)
  21 wolves
  An eye of draining (D:15)
  15 crocodiles
  20 centaurs
  A big kobold (D:10)
  15 bullfrogs
  4 earth elementals
  A wyvern skeleton (D:11)
  14 scorpions
  6 killer bees (D:8)
  8 wights
  7 howler monkeys
  2 electric eels
  2 centaur zombies
  2 jellies
  A crimson imp (D:10)
  A bullfrog zombie (D:8)
  6 hounds
  A quasit (D:7)
  18 orc wizards
  A human simulacrum (Vaults:3)
  34 orc priests
  3 bullfrog skeletons
  Jessica (D:2)
  4 centaur skeletons
  6 iguanas
  9 worker ants
  A hound skeleton (D:9)
  3 gnolls (D:4)
  18 adders
  3 shadow imps
  2 ufetubi (Gauntlet)
  An ooze (D:5)
  3 adder zombies
  2 adder skeletons
  7 worms
  2 dart slugs (D:1)
  7 leopard geckos
  112 orcs
  16 bats
  A bat zombie (D:2)
  6 giant cockroaches
  6 hobgoblins
  14 jackals
  15 kobolds
  5 quokkas
  3 ball pythons
  6 frilled lizards
  A giant cockroach zombie (D:6)
  7 goblins
  A jackal skeleton (D:8)
  A jackal zombie (D:2)
  10 rats
  3 crawling corpses (Elf:3)
  4 fungi
  4 plants
1556 creatures vanquished.

Vanquished Creatures (collateral kills)
  Mara (Vaults:4)
  Arachne (Spider:2)
  An emperor scorpion (Spider:4)
  A rakshasa (Vaults:3)
  A shambling mangrove (Swamp:3)
  2 skeletal warriors (Vaults:1)
  A swamp dragon (Swamp:4)
  An orc knight (Vaults:1)
  An ugly thing (Vaults:4)
  A wolf spider (Spider:3)
  An orb spider (Spider:4)
  A torpor snail (Spider:2)
  4 yaktaurs (Vaults:2)
  3 hornets
  4 jumping spiders
  5 slime creatures
  6 redbacks
  A tarantella (Spider:3)
  A wyvern (D:14)
  An orc warrior (Vaults:1)
  A swamp drake (Swamp:1)
  An orc priest (Vaults:3)
  An orc (Vaults:3)
41 creatures vanquished.

Vanquished Creatures (others)
  A jumping spider (Spider:4)
  A centaur simulacrum (D:15)
  An ogre (Vaults:4)
  An adder (D:4)
  A quokka skeleton (D:4)
  A crawling corpse (Elf:3)
  A fire vortex (D:7)
  13 fungi
  18 plants
  2 withered plants (Spider:3)
40 creatures vanquished.

Grand Total: 1637 creatures vanquished

Notes
Turn   | Place    | Note
-------+----------+-------------------------------------------
     0 | D:1      | Gruesph the Deep Elf Fire Elementalist began the quest for
                  | the Orb.
     0 | D:1      | Reached XP level 1. HP: 10/10 MP: 6/6
   281 | D:1      | Reached XP level 2. HP: 15/15 MP: 6/8
   285 | D:1      | Learned a level 2 spell: Throw Flame
   770 | D:1      | Found a glowing golden altar of the Shining One.
  1332 | D:1      | Reached XP level 3. HP: 13/19 MP: 6/9
  1487 | D:2      | Learned a level 3 spell: Conjure Flame
  1695 | D:2      | Found a hide-covered altar of Uskayaw.
  1701 | D:2      | Noticed Jessica
  1704 | D:2      | Killed Jessica
  1704 | D:2      | Reached XP level 4. HP: 24/24 MP: 3/10
  1896 | D:2      | Found a sparkling altar of Nemelex Xobeh.
  1900 | D:2      | Found a faded altar of an unknown god.
  2134 | D:2      | Reached skill level 5 in Fire Magic
  2171 | D:2      | Found a stormy altar of Qazlal.
  2634 | D:3      | Reached XP level 5. HP: 25/28 MP: 11/11
  2640 | D:3      | Learned a level 4 spell: Sticky Flame
  3007 | D:3      | Found a shattered altar of Ashenzari.
  3287 | D:4      | Reached skill level 1 in Fighting
  3356 | D:4      | Reached skill level 4 in Spellcasting
  3356 | D:4      | Reached XP level 6. HP: 34/34 MP: 6/14
  3571 | D:4      | Noticed Pikel
  3573 | D:4      | Noticed a slave
  3574 | D:4      | Noticed a slave
  3575 | D:4      | Noticed a slave
  3582 | D:4      | Noticed a slave
  3585 | D:4      | Killed Pikel
  3585 | D:4      | Reached skill level 6 in Spellcasting
  3585 | D:4      | Reached skill level 5 in Conjurations
  3585 | D:4      | Reached XP level 7. HP: 41/41 MP: 3/18
  3610 | D:4      | Learned a level 5 spell: Fireball
  3614 | D:4      | Learned a level 3 spell: Mephitic Cloud
  4164 | D:5      | Entered Level 5 of the Dungeon
  4208 | D:5      | Found an opulent altar of Gozag.
  4216 | D:5      | Found a blossoming altar of Fedhas.
  4221 | D:5      | Reached XP level 8. HP: 41/46 MP: 14/19
  4273 | D:6      | Found a staircase to the Ecumenical Temple.
  4282 | Temple   | Entered the Ecumenical Temple
  4559 | Temple   | Became a worshipper of Vehumet
  5640 | D:6      | Identified the +8 long sword of Painful Death {venom, rC-
                  | MR+ Int+4}
  5665 | D:5      | Learned a level 2 spell: Blink
  5882 | D:6      | Found a snail-covered altar of Cheibriados.
  5882 | D:6      | Found a white marble altar of Elyvilon.
  5883 | D:6      | Found a hazy altar of Hepliaklqana.
  5915 | D:6      | Found Moet's Weapon Shop.
  5940 | D:6      | Found a bloodstained altar of Trog.
  6227 | D:6      | Found a shimmering blue altar of Sif Muna.
  6470 | D:7      | Reached * piety under Vehumet
  6470 | D:7      | Offered knowledge of Sting by Vehumet.
  6507 | D:7      | Reached skill level 5 in Dodging
  6855 | D:7      | Found a basalt altar of Yredelemnul.
  6911 | D:7      | Reached XP level 9. HP: 41/52 MP: 15/20
  7011 | D:7      | Reached skill level 1 in Evocations
  7200 | D:7      | Found a sparkling altar of Nemelex Xobeh.
  7528 | D:7      | Reached skill level 5 in Fighting
  7957 | D:8      | Reached ** piety under Vehumet
  7957 | D:8      | Offered knowledge of Freeze by Vehumet.
  7957 | D:8      | Reached skill level 1 in Translocations
  8405 | D:8      | Noticed a two-headed ogre
  8429 | D:8      | Killed a two-headed ogre
  8429 | D:8      | Reached skill level 5 in Evocations
  8429 | D:8      | Reached XP level 10. HP: 59/59 MP: 14/21
  8438 | D:8      | Learned a level 2 spell: Call Imp
  8651 | D:8      | Reached skill level 1 in Summonings
  8652 | D:8      | Offered knowledge of Ignite Poison by Vehumet.
  9001 | D:9      | Found a sacrificial altar of Ru.
  9255 | D:9      | Reached skill level 7 in Spellcasting
  9315 | D:9      | Got an encrusted war axe
  9316 | D:9      | Identified the +10 war axe of Symmetry {elec, rF+ Dex+4}
                  | (You found it on level 9 of the Dungeon)
  9518 | D:9      | Found a runed translucent gate.
  9518 | D:9      | Found a runed translucent gate.
  9518 | D:9      | Found a runed translucent gate.
  9518 | D:9      | Found an opulent altar of Gozag.
  9518 | D:9      | Noticed a centaur warrior
  9518 | D:9      | Noticed lllmatko's ghost (journeyman MiBe)
  9624 | D:9      | Reached *** piety under Vehumet
  9756 | D:9      | Noticed Psyche
  9758 | D:9      | Paralysed by Psyche for 7 turns
  9765 | D:9      | Killed Psyche
  9772 | D:9      | Learned a level 3 spell: Ignite Poison
  9963 | D:9      | Found a staircase to the Lair.
 10135 | Lair:1   | Entered Level 1 of the Lair of Beasts
 10140 | Lair:1   | Noticed a six-headed hydra
 10148 | Lair:1   | Killed a six-headed hydra
 10148 | Lair:1   | Reached skill level 8 in Spellcasting
 10278 | Lair:1   | Reached XP level 11. HP: 53/64 MP: 14/25
 10294 | Lair:1   | Offered knowledge of Fulminant Prism by Vehumet.
 10352 | Lair:1   | Noticed Joseph
 10360 | Lair:1   | Killed Joseph
 10360 | Lair:1   | Reached skill level 10 in Conjurations
 10650 | Lair:1   | Noticed an oklob plant
 11326 | Lair:1   | Noticed an oklob plant
 11326 | Lair:1   | Noticed an oklob plant
 11621 | Lair:1   | Found a large runed translucent door.
 11623 | Lair:1   | Found a large runed translucent door.
 11623 | Lair:1   | Noticed releu's ghost (novice CeWr)
 11672 | Lair:1   | Killed releu's ghost
 11672 | Lair:1   | Reached skill level 9 in Spellcasting
 11672 | Lair:1   | Reached skill level 10 in Fire Magic
 11679 | Lair:1   | Identified the Grimoire of Cankerous Flight
 11911 | Lair:2   | Noticed a seven-headed hydra
 11918 | Lair:2   | Killed a seven-headed hydra
 11965 | Lair:2   | Reached skill level 1 in Shields
 12384 | Lair:2   | Found a hole to the Spider Nest.
 12600 | Lair:2   | Upgraded the game from 0.24.1-8-ga250c9d538 to
                  | 0.24.1-11-gbbbb2193e6
 12764 | Lair:3   | Learned a level 1 spell: Apportation
 12863 | Lair:3   | Got a bronze chain mail
 12882 | Lair:3   | Reached skill level 10 in Spellcasting
 13213 | Lair:3   | Reached **** piety under Vehumet
 13304 | Lair:3   | Noticed a seven-headed hydra
 13313 | Lair:3   | Killed a seven-headed hydra
 13313 | Lair:3   | Offered knowledge of Force Lance by Vehumet.
 13313 | Lair:3   | Reached XP level 12. HP: 72/72 MP: 12/28
 14228 | Lair:4   | Reached skill level 5 in Stealth
 14416 | Lair:4   | Found a staircase to the Swamp.
 14997 | Lair:5   | Noticed a four-headed hydra
 15998 | Lair:5   | Killed a four-headed hydra
 16311 | Lair:5   | Reached skill level 10 in Dodging
 16392 | Lair:5   | Learned a level 3 spell: Regeneration
 16605 | Lair:6   | Entered Level 6 of the Lair of Beasts
 16615 | Lair:6   | Noticed a catoblepas
 16620 | Lair:6   | Reached skill level 1 in Charms
 16864 | Lair:6   | Noticed a merfolk avatar
 16873 | Lair:6   | Reached skill level 1 in Necromancy
 16888 | Lair:6   | Killed a merfolk avatar
 16963 | Lair:6   | Noticed a death yak
 16963 | Lair:6   | Noticed a death yak
 16963 | Lair:6   | Noticed a death yak
 16993 | Lair:6   | Reached XP level 13. HP: 80/80 MP: 10/29
 17178 | Lair:6   | Reached ***** piety under Vehumet
 17244 | Lair:6   | Offered knowledge of Poison Arrow by Vehumet.
 17611 | Lair:6   | Found a viscous altar of Jiyva.
 17611 | Lair:6   | Found a staircase to the Slime Pits.
 17737 | Lair:6   | Reached skill level 5 in Charms
 18283 | Lair:6   | Reached skill level 5 in Necromancy
 18494 | Lair:6   | Got a crystal quick blade
 18495 | Lair:6   | Identified the +3 quick blade of the Shrike {pierce, rPois
                  | MR+} (You found it on level 6 of the Lair of Beasts)
 19266 | Lair:6   | Found a viscous altar of Jiyva.
 19267 | Lair:6   | Found a staircase to the Slime Pits.
 19668 | Lair:6   | Identified a scroll of acquirement
 20017 | D:10     | Entered Level 10 of the Dungeon
 20466 | D:9      | Found an ornate altar of the Wu Jian Council.
 20520 | D:10     | Offered knowledge of Lightning Bolt by Vehumet.
 21454 | D:11     | Found a gate leading to a gauntlet.
 21463 | Gauntlet | Entered a Gauntlet
 21463 | Gauntlet | Found a transporter.
 21463 | Gauntlet | Found a transporter.
 21463 | Gauntlet | Found a transporter.
 21464 | Gauntlet | Found a transporter.
 21467 | Gauntlet | Found a transporter.
 21478 | Gauntlet | Found a transporter.
 21482 | Gauntlet | Found a large runed translucent door.
 21483 | Gauntlet | Found a large runed translucent door.
 21484 | Gauntlet | Found a large runed translucent door.
 21484 | Gauntlet | Found a large runed translucent door.
 21484 | Gauntlet | Found a runed translucent door.
 21503 | Gauntlet | Found a transporter.
 21504 | Gauntlet | Found a transporter.
 21526 | Gauntlet | Noticed a death ooze
 21562 | Gauntlet | Found a transporter.
 21564 | Gauntlet | Found a large runed translucent door.
 21565 | Gauntlet | Found a large runed translucent door.
 21566 | Gauntlet | Found a large runed translucent door.
 21566 | Gauntlet | Found a large runed translucent door.
 21566 | Gauntlet | Found a runed translucent door.
 21567 | Gauntlet | Found a large runed translucent door.
 21568 | Gauntlet | Found a large runed translucent door.
 21569 | Gauntlet | Found a large runed translucent door.
 21569 | Gauntlet | Found a large runed translucent door.
 21570 | Gauntlet | Found a runed translucent gate.
 21570 | Gauntlet | Found a runed translucent gate.
 21570 | Gauntlet | Found a runed translucent gate.
 21572 | Gauntlet | Found a transporter.
 21581 | Gauntlet | Found a large runed translucent door.
 21581 | Gauntlet | Found a large runed translucent door.
 21582 | Gauntlet | Found a large runed translucent door.
 21583 | Gauntlet | Found a large runed translucent door.
 21587 | Gauntlet | Found a transporter.
 21597 | Gauntlet | Found a transporter.
 21700 | Gauntlet | Gained mutation: Armour fits poorly on your strangely
                  | shaped body. [a shining eye]
 21701 | Gauntlet | Gained mutation: You are clumsy. (Dex -2) [a shining eye]
 21968 | Gauntlet | Reached skill level 10 in Fighting
 22019 | Gauntlet | Identified the cursed +0 plate armour "Louvim" {rElec rPois
                  | Int-3}
 22019 | Gauntlet | Noticed a minotaur
 22028 | Gauntlet | Killed a minotaur
 22057 | Gauntlet | Got a steaming turquoise ring
 22061 | Gauntlet | Identified the ring "Huot" {Slay+3 Stlth+} (You found it in
                  | a Gauntlet)
 22619 | D:12     | Identified the ring "Wurch" {rC+ Int+4}
 23206 | D:12     | Found a staircase to the Orcish Mines.
 23331 | D:12     | Found a runed translucent door.
 23441 | Orc:1    | Entered Level 1 of the Orcish Mines
 23460 | Orc:1    | Found Xuamett's Armour Shop.
 23469 | Orc:1    | Noticed Nergalle
 23475 | Orc:1    | Killed Nergalle
 23475 | Orc:1    | Reached XP level 14. HP: 88/88 MP: 10/30
 23801 | Orc:1    | Found a roughly hewn altar of Beogh.
 23893 | Orc:1    | Offered knowledge of Iskenderun's Battlesphere by Vehumet.
 23924 | Orc:1    | Learned a level 5 spell: Iskenderun's Battlesphere
 24176 | Orc:2    | Entered Level 2 of the Orcish Mines
 24401 | Orc:2    | Found a staircase to the Elven Halls.
 24594 | Orc:2    | Reached skill level 11 in Spellcasting
 24930 | Orc:2    | Learned a level 1 spell: Magic Dart
 25185 | Orc:2    | Found a roughly hewn altar of Beogh.
 25425 | Orc:2    | Reached skill level 12 in Spellcasting
 25568 | Orc:2    | Found Odghen's General Store.
 25568 | Orc:2    | Found Saheri Zikhlu's Book Emporium.
 25574 | Orc:2    | Bought a potion of heal wounds for 70 gold pieces
 25638 | Orc:2    | Found Qetoijor's Book Boutique.
 25638 | Orc:2    | Found Cynuaq's Jewellery Emporium.
 25841 | Orc:2    | Found a staircase to the Elven Halls.
 25937 | Orc:2    | Found Odghen's General Store.
 25937 | Orc:2    | Found Saheri Zikhlu's Book Emporium.
 26109 | Orc:2    | Found Cynuaq's Jewellery Emporium.
 26109 | Orc:2    | Found Qetoijor's Book Boutique.
 26118 | Orc:2    | Found a roughly hewn altar of Beogh.
 26306 | D:13     | Noticed Sonja
 26307 | D:13     | Killed Sonja
 26442 | D:13     | Found Tioz Kym's Book Shoppe.
 26716 | D:13     | Reached skill level 13 in Spellcasting
 26911 | D:13     | Found Ybboam's Assorted Antiques.
 26916 | D:13     | Bought a pair of glowing boots for 255 gold pieces
 27093 | D:13     | Found a shadowy altar of Dithmenos.
 27145 | D:13     | Found a gate to the Vaults.
 27337 | D:13     | Found Tioz Kym's Book Shoppe.
 27430 | D:13     | Found a gate to the Vaults.
 27468 | D:13     | Found a shadowy altar of Dithmenos.
 27476 | D:13     | Found Ybboam's Assorted Antiques.
 27767 | D:14     | Noticed Jorgrun
 27772 | D:14     | Killed Jorgrun
 27987 | D:13     | Reached skill level 14 in Spellcasting
 28352 | D:14     | Found a runed translucent door.
 28356 | D:14     | Found the +2 shield of Resistance {rF+ rC+ MR+}
 28363 | D:14     | Found a runed translucent door.
 28784 | D:14     | Learned a level 4 spell: Summon Lightning Spire
 28860 | D:15     | Entered Level 15 of the Dungeon
 29135 | D:15     | Reached skill level 1 in Air Magic
 29141 | D:15     | Offered knowledge of Bolt of Draining by Vehumet.
 30448 | D:15     | Got a faintly humming leather armour
 30449 | D:15     | Identified the +3 leather armour of the Kettle-Drum {+Blink
                  | +Inv} (You found it on level 15 of the Dungeon)
 31412 | D:15     | Reached skill level 15 in Spellcasting
 31412 | D:15     | Reached XP level 15. HP: 93/93 MP: 19/36
 31502 | D:15     | Found a staircase to the Depths.
 31692 | D:15     | Lost mutation: You are clumsy. (Dex -2) [potion of
                  | mutation]
 31692 | D:15     | Lost mutation: Armour fits poorly on your strangely shaped
                  | body. [potion of mutation]
 31692 | D:15     | Gained mutation: You are clumsy. (Dex -2) [potion of
                  | mutation]
 31692 | D:15     | Gained mutation: Your spells are a little easier to cast,
                  | but a little less powerful. [potion of mutation]
 31692 | D:15     | Gained mutation: You expend magic power (3 MP) to
                  | strengthen your wands. [potion of mutation]
 31693 | D:15     | Lost mutation: You expend magic power (3 MP) to strengthen
                  | your wands. [potion of mutation]
 31693 | D:15     | Lost mutation: Your spells are a little easier to cast, but
                  | a little less powerful. [potion of mutation]
 31693 | D:15     | Lost mutation: You are clumsy. (Dex -2) [potion of
                  | mutation]
 31693 | D:15     | Gained mutation: You are frail. (-10% HP) [potion of
                  | mutation]
 31693 | D:15     | Gained mutation: Your body sometimes deteriorates upon
                  | taking damage. [potion of mutation]
 31693 | D:15     | Gained mutation: You are partially covered in icy blue
                  | scales. (AC +2) [potion of mutation]
 31693 | D:15     | Gained mutation: Your muscles are strong. (Str +2) [potion
                  | of mutation]
 31694 | D:15     | Lost mutation: Your muscles are strong. (Str +2) [potion of
                  | mutation]
 31694 | D:15     | Gained mutation: You have a somewhat thin skeletal
                  | structure. (Dex +2, Stealth) [potion of mutation]
 31694 | D:15     | Gained mutation: You are very frail. (-20% HP) [potion of
                  | mutation]
 31694 | D:15     | Gained mutation: You passively map a small area around you.
                  | [potion of mutation]
 31695 | D:15     | Lost mutation: You are partially covered in icy blue
                  | scales. (AC +2) [potion of mutation]
 31695 | D:15     | Lost mutation: Your body sometimes deteriorates upon taking
                  | damage. [potion of mutation]
 31695 | D:15     | Lost mutation: You are very frail. (-20% HP) [potion of
                  | mutation]
 31695 | D:15     | Gained mutation: Your muscles are strong. (Str +2) [potion
                  | of mutation]
 31695 | D:15     | Gained mutation: You are partially covered in molten
                  | scales. (AC +2) [potion of mutation]
 31695 | D:15     | Gained mutation: Your muscles are very strong. (Str +4)
                  | [potion of mutation]
 32000 | Swamp:1  | Entered Level 1 of the Swamp
 33666 | Swamp:2  | Reached skill level 5 in Summonings
 33670 | Swamp:2  | Noticed a thorn hunter
 33673 | Swamp:2  | Killed a thorn hunter
 33673 | Swamp:2  | Reached skill level 5 in Air Magic
 34041 | Swamp:2  | Reached ****** piety under Vehumet
 34477 | Swamp:2  | Offered knowledge of Ozocubu's Refrigeration by Vehumet.
 36528 | Swamp:4  | Entered Level 4 of the Swamp
 36852 | Swamp:3  | Offered knowledge of Orb of Destruction by Vehumet.
 36895 | Swamp:4  | Reached XP level 16. HP: 90/90 MP: 18/37
 36913 | Swamp:3  | Learned a level 7 spell: Orb of Destruction
 37125 | Swamp:4  | Noticed a thorn hunter
 37266 | Swamp:3  | Reached skill level 16 in Spellcasting
 38365 | Swamp:4  | Killed a thorn hunter
 38710 | Swamp:4  | Got a decaying rune of Zot
 40040 | Spider:1 | Entered Level 1 of the Spider Nest
 40354 | Lair:2   | Offered knowledge of Iron Shot by Vehumet.
 40452 | Lair:2   | Reached skill level 17 in Spellcasting
 41062 | Spider:1 | Got a faintly glowing ring mail
 41063 | Spider:1 | Identified the +2 ring mail of Evolution {rPois rCorr Str-2
                  | Int+5} (You found it on level 1 of the Spider Nest)
 41342 | Spider:1 | Noticed Frances
 41353 | Spider:1 | Killed Frances
 41849 | Spider:2 | Reached skill level 18 in Spellcasting
 42484 | Spider:2 | Noticed Arachne
 42490 | Spider:2 | Killed Arachne
 42747 | Spider:2 | Found a runed translucent door.
 42748 | Spider:2 | Noticed Citam's ghost (adept OgEE)
 43151 | Spider:3 | Reached skill level 19 in Spellcasting
 43390 | Spider:3 | Reached XP level 17. HP: 95/95 MP: 34/42
 43615 | Spider:3 | Found a runed translucent door.
 43616 | Spider:3 | Noticed Tacit's ghost (journeyman GrMo)
 44012 | Spider:3 | Offered knowledge of Lehudib's Crystal Spear by Vehumet.
 44012 | Spider:3 | Offered knowledge of Shatter by Vehumet.
 44012 | Spider:3 | Offered knowledge of Chain Lightning by Vehumet.
 44096 | Spider:2 | Reached skill level 20 in Spellcasting
 44151 | Spider:2 | Learned a level 6 spell: Bolt of Fire
 44689 | Spider:4 | Entered Level 4 of the Spider Nest
 49654 | Spider:4 | Got a gossamer rune of Zot
 49972 | D:13     | Lost mutation: You have a somewhat thin skeletal structure.
                  | (Dex +2, Stealth) [potion of mutation]
 49972 | D:13     | Lost mutation: Your muscles are very strong. (Str +4)
                  | [potion of mutation]
 49972 | D:13     | Lost mutation: Your muscles are strong. (Str +2) [potion of
                  | mutation]
 49972 | D:13     | Lost mutation: You are frail. (-10% HP) [potion of
                  | mutation]
 49972 | D:13     | Gained mutation: Your muscles are strong. (Str +2) [potion
                  | of mutation]
 50014 | Vaults:1 | Entered Level 1 of the Vaults
 50458 | Vaults:1 | Found Guoleipn's Weapon Boutique.
 50533 | Vaults:1 | Reached XP level 18. HP: 113/113 MP: 29/44
 51410 | Vaults:1 | Got an emerald-studded scale mail
 51411 | Vaults:1 | Identified the cursed +1 scale mail "Bidy" {rC- MR++ rCorr
                  | Slay+3} (You found it on level 1 of the Vaults)
 51447 | Vaults:1 | Got a pearl-encrusted scale mail
 51458 | Vaults:1 | Identified the +3 scale mail of the Apprentice {rElec rN+
                  | Str+3 Stlth-} (You found it on level 1 of the Vaults)
 52176 | Vaults:1 | Reached skill level 15 in Dodging
 53180 | Orc:2    | Bought a book of the Sky for 845 gold pieces
 53180 | Orc:2    | Bought a book of Burglary for 975 gold pieces
 53184 | Orc:2    | Learned a level 2 spell: Swiftness
 53191 | Orc:2    | Learned a level 6 spell: Deflect Missiles
 54347 | Vaults:2 | Reached skill level 10 in Charms
 55268 | Vaults:2 | Found a staircase to the Crypt.
 55335 | Vaults:2 | Reached XP level 19. HP: 119/119 MP: 12/45
 56613 | Vaults:3 | Noticed Saint Roka
 56895 | Vaults:3 | Killed Saint Roka
 56927 | Vaults:3 | Noticed Bai Suzhen
 57108 | Vaults:2 | Killed Bai Suzhen
 57311 | Vaults:3 | Reached skill level 15 in Conjurations
 57312 | Vaults:3 | Reached skill level 15 in Fire Magic
 58413 | Vaults:4 | Noticed Xtahua
 58427 | Vaults:4 | Killed Xtahua
 58434 | Vaults:4 | Noticed Jory
 58456 | Vaults:4 | Killed Jory
 59084 | Vaults:4 | Reached XP level 20. HP: 101/127 MP: 22/46
 59765 | Vaults:4 | Noticed Mara
 60216 | Vaults:4 | Killed Mara
 61986 | D:9      | Killed lllmatko's ghost
 62252 | Elf:1    | Entered Level 1 of the Elven Halls
 63185 | Elf:1    | Got a slimy hand axe
 63186 | Elf:1    | Identified the +4 hand axe of Ravage {pain, rElec Dex+2}
                  | (You found it on level 1 of the Elven Halls)
 63190 | Elf:1    | Got a jewelled short sword
 63191 | Elf:1    | Identified the +3 short sword of Arrival {flame, +Inv rC+}
                  | (You found it on level 1 of the Elven Halls)
 63486 | Elf:1    | Found a large runed translucent door.
 63486 | Elf:1    | Found a large runed translucent door.
 63486 | Elf:1    | Noticed Hynwimna's ghost (veteran MiGl)
 64413 | Elf:2    | Found a runed translucent gate.
 64413 | Elf:2    | Found a runed translucent gate.
 64413 | Elf:2    | Found a runed translucent gate.
 64632 | Elf:3    | Entered Level 3 of the Elven Halls
 64923 | Elf:3    | Found Poru's Jewellery Shoppe.
 64924 | Elf:3    | Found Dopui's Gadget Boutique.
 64925 | Elf:3    | Found Nacecirhi's Jewellery Shoppe.
 66001 | Elf:3    | Reached XP level 21. HP: 110/133 MP: 24/47
 66188 | Elf:3    | Reached skill level 15 in Fighting
 66191 | Elf:3    | Identified the +9 battleaxe "Fitud" {protect, +Blink rC-
                  | Dex+3 SInv}
 66863 | Elf:3    | Identified the Tome of Arcane Weapons
 66879 | Elf:3    | Identified the Collected Works on Torrid Black Arts
 66895 | Elf:3    | Got a warped tin amulet
 66896 | Elf:3    | Identified the amulet "Wusuesm" {Inacc Stlth+} (You found
                  | it on level 3 of the Elven Halls)
 66930 | Elf:3    | Got a faintly glowing rapier
 66931 | Elf:3    | Identified the +9 rapier "Oqarromo" {pain, MR++ Int+2 SInv
                  | Stlth-} (You found it on level 3 of the Elven Halls)
 67221 | Elf:3    | Found Poru's Jewellery Shoppe.
 67222 | Elf:3    | Found Dopui's Gadget Boutique.
 67223 | Elf:3    | Found Nacecirhi's Jewellery Shoppe.
 67999 | Depths:1 | Entered Level 1 of the Depths
 68521 | Depths:1 | Found Pyula's Demolitions Depot.
 68971 | Depths:1 | Found Askal's Book Shop.
 69028 | Depths:1 | Found a shimmering altar of Xom.
 69150 | Depths:1 | Found a gateway to Hell.
 69726 | Depths:1 | Found a blossoming altar of Fedhas.
 70486 | Depths:2 | Noticed the Enchantress
 70516 | Depths:2 | HP: 2/135 [the Enchantress/+5 quick blade (20)]
 70521 | Depths:2 | Mangled by a spriggan rider

Levels and vault maps discovered:
D:1:      lemuel_arrival_muddy, layout_basic, tso_altar
D:2:      layout_basic, lemuel_round_altar, overflow_temple_1_default,
          serial_undead, serial_undead_f, serial_undead_d, serial_undead_f,
          serial_undead_b, serial_undead_f, serial_undead_d,
          chequers_ecumenical_altar_simple_redux, skrybe_limestone_x,
          nemelex_xobeh_ov_fountains_minmay, uniq_jessica
D:3:      layout_loops_ring, marbit_many_paths, first_ration
D:4:      layout_basic, uniq_pikel
D:5:      wander_river, layout_loops_ring, lemuel_crystal_altar, fedhas_altar_2,
          serial_bayou, serial_bayou_pond_b, serial_bayou_crossing,
          serial_bayou_shore_b, serial_bayou_pond_c, minmay_misc_feat_room
D:6:      layout_rooms, old_standard_altar, lemuel_doored_altar,
          gammafunk_temple_overflow_claw, minmay_temple_entry_junction_2,
          serial_shops, shop
D:7:      old_forge, layout_basic, kennysheep_little_box, grunt_livestock,
          nemelex_lonely_heart_becter
D:8:      layout_loops_cross
D:9:      layout_basic, nicolae_overflow_hidden_temple, nicolae_ru_awakened_eye,
          grunt_lair_entry_orc_guard_hut, ebering_ghost_gozag, uniq_psyche
D:10:     layout_cave_pods
D:11:     layout_loops_cross, gauntlet_entry_generic
D:12:     layout_cave_pools, hiddenorc2_lemuel, minmay_st_funbox
D:13:     layout_cave_pools, erik_vaults_1, serial_shops, shop, shop,
          grunt_dithmenos_shadows, uniq_sonja
D:14:     layout_roguey, chequers_avenue, minmay_guarded_unrand_resistance,
          uniq_jorgrun
D:15:     gammafunk_enter_depths_forms, layout_basic
Temple:   compressed_dpeg_triangle_lava_temple
Lair:1:   layout_concentric_octagons, ebering_ghost_disaster_area,
          disabler_island, uniq_joseph
Lair:2:   layout_regular_city, nicolae_spider_entry_non_spiders
Lair:3:   layout_misc_corridors, nicolae_quartered_pool_little
Lair:4:   layout_cave_pods, nicolae_swamp_entry_splash_gauntlet,
          hangedman_lair_unloving_vines
Lair:5:   layout_long_grid, grunt_megastairs_5
Lair:6:   gammafunk_lair_ancient_temple, layout_cave_pods, slime_altar_1
Swamp:1:  layout_basic_swamp, evilmike_swamp_ruin_house_6, swamp_pool3,
          nicolae_swamp_spriggan_camp
Swamp:2:  layout_basic_swamp, nicolae_swamp_trees_clearing
Swamp:3:  layout_basic_swamp, hangedman_swamp_ruin_wall
Swamp:4:  swamp, layout_basic_swamp
Spider:1: layout_spider_delve, uniq_frances
Spider:2: layout_spider_delve, ebering_ghost_inner_flame,
          nicolae_spider_webbed_stairs, hangedman_spider_tarantella_strand,
          uniq_arachne
Spider:3: nicolae_spider_mines_3, gammafunk_ghost_grave, drop_trap,
          spiders_nest_the_unseen
Spider:4: grunt_spider_rune_island, portal_ice_cave_entry_ice_statue_two,
          drop_trap, guppyfry_spider_mini_1
Orc:1:    layout_diamond_mine, basic_altar, serial_shops, shop, uniq_nergalle
Orc:2:    st_orc_town, layout_caves
Elf:1:    layout_loops_cross, ebering_ghost_disaster_area,
          kennysheep_underground_church
Elf:2:    layout_geoelf_diagonals, nicolae_elf_glass_and_crystal_pillar_1,
          nicolae_elf_big_sculpture_1
Elf:3:    elf_hall, layout_geoelf_castle,
          nicolae_elf_glass_and_crystal_pillar_2, minmay_shop_grove
Vaults:1: hangedman_vaults_slither, vaults_dpeg_spiral, v_rooms_1,
          hangedman_vaults_unwind, vaults_room_semicircle,
          grunt_vaults_diagonal, dpeg_vaults_monster_box, vaults_room_pools,
          v_misc_28, v_misc_30, hangedman_vaults_stretched_pinwheel,
          layout_vaults_ring, serial_shops, shop_statue
Vaults:2: nicolae_vaults_little_squares_6, minmay_crypt_entry_simple_box,
          vaults_room_semicircle, hangedman_vaults_nodes,
          hangedman_vaults_variations, v_rooms_4, v_rooms_3,
          nicolae_vaults_holding_cells, ontoclasm_vaults_eye, vaults_dpeg_ring,
          layout_vaults_omnicross
Vaults:3: v_misc_12, vaults_dpeg_doors, nicolae_vaults_diagonal_hallway_7,
          v_alt_pattern_1, v_misc_3, vaults_dpeg_hooks, dpeg_vaults_monster_row,
          nicolae_vaults_theta, hangedman_vaults_stitches, v_rooms_4,
          hangedman_vaults_stream, hangedman_vaults_impose,
          nicolae_vaults_big_angled_halls, nicolae_vaults_angled_halls,
          ontoclasm_vaults_misaligned, v_misc_25, st_lattice,
          layout_vaults_omnibox, uniq_bai_suzhen, uniq_saint_roka
Vaults:4: vaults_dpeg_diagonal, grunt_vaults_hallway_long, v_misc_24,
          nicolae_vaults_border_crossing, vaults_room_door_ring,
          grunt_vaults_focal, nicolae_vaults_diagonal_hallway_6,
          nicolae_vaults_little_squares_6, ontoclasm_vaults_chip,
          layout_vaults_omnigrid, uniq_xtahua, uniq_mara, uniq_jory
Depths:1: layout_basic, kennysheep_pointless_box, serial_shops, shop,
          grunt_hell_entry_dis_mu, nicolae_blasting_shop,
          kennysheep_flooded_box, xom_teletrap_fun
Depths:2: minmay_bubble_buster, layout_basic, enter_ziggurat_d,
          corexii_leaking_fountain, hell_entry, minmay_staircase_windowed_small,
          uniq_enchantress

Skill      XL: |  1  2  3  4  5  6  7  8  9 10 11 12 13 14 15 16 17 18 19 20 21 |
---------------+----------------------------------------------------------------+-----
Conjurations   | 2 3 4 5 7 8 9 10 11 12 13 14 15 16 17 | 17.2
Fire Magic     | 4 5 6 8 9 10 11 12 13 14 15 16 17 | 17.2
Stealth        | 3 4 5 |  5.0
Fighting       | 1 3 4 5 7 8 10 11 12 13 14 15 | 15.4
Spellcasting   | 4 6 8 10 15 19 20 | 20.0
Dodging        | 3 5 7 10 11 12 13 14 15 16 17 18 | 18.6
Evocations     | 5 |  5.0
Translocations | 3 |  3.3
Summonings     | 2 3 5 |  5.0
Shields        | 3 4 |  4.0
Charms         | 2 5 11 13 | 13.0
Necromancy     | 2 5 |  5.0
Air Magic      | 3 5 6 8 |  8.0

Action                   |  1- 3 |  4- 6 |  7- 9 | 10-12 | 13-15 | 16-18 | 19-21 || total
-------------------------+-------+-------+-------+-------+-------+-------+-------++-------
Melee: Unarmed           |     8 |       |       |       |       |       |       ||     8
       Dagger            |     1 |    71 |    88 |    74 |    20 |       |       ||   254
       Quick blade       |       |       |       |       |    50 |       |       ||    50
       Staff             |       |       |       |       |       |     1 |     1 ||     2
Throw: Stone             |    28 |    11 |       |       |       |       |       ||    39
       Dart              |       |       |     9 |     3 |       |       |       ||    12
 Cast: Flame Tongue      |    46 |    77 |    34 |       |       |       |       ||   157
       Throw Flame       |     7 |    38 |   166 |   225 |   225 |    23 |     2 ||   686
       Conjure Flame     |       |     6 |     7 |     1 |     1 |       |       ||    15
       Sticky Flame      |       |       |    17 |    75 |    96 |    87 |    27 ||   302
       Blink             |       |       |     5 |     7 |    11 |    34 |    10 ||    67
       Mephitic Cloud    |       |       |     3 |     1 |     2 |       |       ||     6
       Fireball          |       |       |     5 |    76 |   252 |   303 |   263 ||   899
       Regeneration      |       |       |       |     1 |    18 |    48 |    12 ||    79
       Ignite Poison     |       |       |       |       |     2 |       |       ||     2
       Magic Dart        |       |       |       |       |   258 |   423 |   235 ||   916
       Iskenderun's Batt |       |       |       |       |    88 |   153 |   114 ||   355
       Summon Lightning  |       |       |       |       |     8 |    22 |     8 ||    38
       Call Imp          |       |       |       |       |     1 |       |       ||     1
       Orb of Destructio |       |       |       |       |       |    19 |    15 ||    34
       Apportation       |       |       |       |       |       |     1 |       ||     1
       Bolt of Fire      |       |       |       |       |       |    50 |    97 ||   147
       Swiftness         |       |       |       |       |       |     1 |     9 ||    10
       Deflect Missiles  |       |       |       |       |       |     1 |     3 ||     4
Evoke: Wand              |       |       |     4 |     5 |    16 |    31 |    20 ||    76
       Phial of floods   |       |       |       |       |       |     3 |     2 ||     5
  Use: Scroll            |       |     9 |    13 |    10 |    13 |     7 |     8 ||    60
       Potion            |       |       |       |     1 |     5 |     5 |     4 ||    15
 Stab: Sleeping          |     1 |     3 |       |     1 |       |       |       ||     5
       Confused          |       |       |     1 |       |       |       |       ||     1
       Paralysed         |       |       |     3 |       |       |       |       ||     3
  Eat: Chunk             |     2 |     8 |    15 |    24 |    30 |    11 |    23 ||   113
       Ration            |       |       |     1 |     5 |    13 |    14 |     7 ||    40
Armor: Robe              |     8 |    27 |     7 |       |    18 |       |       ||    60
       Leather armour    |       |       |    24 |    31 |    13 |       |       ||    68
       Skin              |       |       |       |     8 |       |       |       ||     8
       Acid dragon scale |       |       |       |       |    20 |    10 |       ||    30
       Swamp dragon scal |       |       |       |       |       |    58 |       ||    58
       Ring mail         |       |       |       |       |       |   135 |    27 ||   162
       Scale mail        |       |       |       |       |       |       |    14 ||    14
Dodge: Dodged            |    18 |    55 |    75 |   100 |   177 |   428 |   105 ||   958
       Deflected         |       |       |       |       |       |       |    36 ||    36
Block: Buckler           |       |       |       |    30 |    99 |   190 |    57 ||   376
